 Dungeon Crawl Stone Soup version 0.26-a0-808-g930a2b7adc (webtiles) character file.

Game seed: 10428350109571924155

5310 Kinoniko the Transmogrifier (level 10, -7/79 HPs)
             Began as a Green Draconian Transmuter on Nov 12, 2020.
             Was a Believer of Okawaru.
             Mangled by Gastronok (29 damage)
             ... on level 8 of the Dungeon.
             The game lasted 00:15:41 (10170 turns).

Kinoniko the Transmogrifier (DrTm)                 Turns: 10170, Time: 00:15:41

Health: -7/79      AC: 12    Str: 14    XL:     10   Next: 37%
Magic:  17/19      EV: 16    Int: 13    God:    Okawaru [**....]
Gold:   159        SH:  0    Dex: 14    Spells: 18/21 levels left

rFire    . . .     SeeInvis .   E - +5 long sword "Docwy" {drain, *Drain +Inv rN++ Stlth+}
rCold    + . .     Faith    .   (no shield)
rNeg     + + .     Spirit   .   (armour unavailable)
rPois    +         Reflect  .   (helmet restricted)
rElec    .         Harm     .   e - +1 cloak
rCorr    .         Rampage  .   f - +2 pair of gloves
MR       .....                  (no boots)
Stlth    ++++......             (no amulet)
HPRegen  0.23/turn              b - ring of protection from cold
MPRegen  0.16/turn              (no ring)

@: mighty, short of breath, heroism, wereblooded
A: breathe noxious fumes, unfitting armour, poison resistance, cold-blooded, AC
+7
a: Breathe Noxious Fumes, Heroism, Renounce Religion, Evoke Invisibility


You were on level 8 of the Dungeon.
You worshipped Okawaru.
Okawaru was pleased with you.
You visited 2 branches of the dungeon, and saw 10 of its levels.

You collected 363 gold pieces.
You spent 204 gold pieces at shops.

Inventory:

Hand Weapons
 g - a +0 long sword
 k - a +2 falchion of holy wrath
 q - a +0 falchion
 t - a +1 short sword of venom
 E - the +5 long sword "Docwy" (weapon) {drain, *Drain +Inv rN++ Stlth+}
   (You bought it in a shop on level 7 of the Dungeon)

   A truly terrible weapon, it drains the life of those it strikes.
   It greatly protects you from negative energy.
   It lets you turn invisible.
   It causes draining when unequipped.
   It makes you more stealthy.
Armour
 e - a +1 cloak (worn)
 f - a +2 pair of gloves (worn)
 x - a scarf of invisibility
Jewellery
 b - a ring of protection from cold (left hand)
Wands
 d - a wand of flame (3)
 h - a wand of iceblast (21)
 n - a wand of enslavement (6)
 o - a wand of acid (6)
 s - a wand of digging (7)
 A - a wand of polymorph (9)
Scrolls
 a - 4 scrolls of remove curse
 i - a scroll of magic mapping
 l - 9 scrolls of identify
 m - 3 scrolls of fear
 p - 4 scrolls of teleportation
 r - a scroll of brand weapon {unknown}
 w - a scroll of enchant weapon {unknown}
 y - a scroll of vulnerability {unknown}
 z - a scroll of amnesia {unknown}
 D - 2 scrolls of fog
Potions
 c - a potion of mutation {unknown}
 j - 2 potions of curing
 u - a potion of lignification {unknown}
 B - a potion of flight {unknown}
 C - 2 potions of magic {unknown}


   Skills:
 + Level 4.2(9.2) Fighting
 * Level 4.9(13.2) Short Blades
 * Level 10.1(15.5) Long Blades
 - Level 1.7(6.7) Dodging
 - Level 3.0(8.0) Unarmed Combat
 - Level 6.2 Spellcasting
 + Level 10.2 Transmutations
 + Level 3.0 Invocations


You had 18 spell levels left.
You knew the following spells:

 Your Spells              Type           Power        Failure   Level
a - Beastly Appendage     Tmut           ####..       1%          1
b - Wereblood             Tmut           ####....     1%          2

Your spell library contained the following spells:

 Spells                   Type           Power        Failure   Level
 Spider Form              Tmut/Pois      ###.......   6%          3
 Blade Hands              Tmut           ####......   7%          5
 Corona                   Hex            #......      17%         1
 Ice Form                 Ice/Tmut       ###.....     21%         4
 Ensorcelled Hibernation  Hex/Ice        #.....       26%         2
 Confusing Touch          Hex            #.......     45%         3
 Dazzling Flash           Conj/Hex       #.....       45%         3
 Tukima's Dance           Hex            #.......     45%         3


Dungeon Overview and Level Annotations

Branches:
Dungeon (9/15)             Temple (1/1) D:6
   Lair: D:8-11         Orc: D:9-12

Altars:
Ashenzari
Cheibriados
Dithmenos
Elyvilon
Fedhas
Gozag
Hepliaklqana
Kikubaaqudgha
Nemelex Xobeh
Okawaru
Qazlal
Ru
Sif Muna
Trog
Uskayaw
Vehumet
Wu Jian
Xom
Yredelemnul
Zin
The Shining One

Shops:
D:7 (?*

Annotations:
D:3 2 transporters
D:8 Gastronok


Innate Abilities, Weirdness & Mutations

You can breathe blasts of noxious fumes.
Your lurid green scales are hard. (AC +7)
You cannot fit into any form of body armour.
Your system is resistant to poisons. (rPois)
You are cold-blooded and may be slowed by cold attacks.


Message History

Gastronok is engulfed in noxious fumes.
Gastronok's eyestalks quiver as he mumbles some strange words.
You feel better. The bat closely misses you.
You riposte.
You hit the bat.
The bat is severely wounded.
The quokka barely misses you.
You riposte.
You hit the quokka.
You kill the quokka!
The quokka's corpse disappears in a puff of smoke!
The river rat bites you but does no damage.
The bat barely misses you.
You riposte.
You slash the bat!
You kill the bat!
The bat's corpse disappears in a puff of smoke!
You feel very mighty all of a sudden.
Gastronok is engulfed in noxious fumes.
The river rat bites you.
* * * LOW HITPOINT WARNING * * *
Unknown command.
You slash Gastronok! You drain Gastronok. You tail-slap Gastronok!
Gastronok is moderately wounded.
You gain the combat prowess of a mighty hero.
The river rat closely misses you. Gastronok bites you!!
You die...

######
#<...#
#....#
#..!.#
#..###
##..#
#w@.#
#.○r##
.°..#.#
.°○.....#
.........
#.#..###.
#.#.. #
#.


You could see Gastronok (drained) and a river rat (summoned).

Vanquished Creatures
  Harold (D:7)
  Pikel (D:8)
  A hornet (D:9)
  A wyvern (D:9)
  Eustachio (D:4)
  Menkaure (D:7)
  Duvessa (D:5)
  A black bear (D:9)
  2 ice beasts
  A sky beast (D:5)
  4 phantoms
  2 ogres
  3 necrophages
  2 lemures (D:8)
  2 centaurs (D:7)
  A big kobold (D:7)
  A bullfrog (D:9)
  Dowan (D:5)
  A wyvern zombie (D:9)
  A killer bee (D:8)
  2 scorpions
  3 wights (D:6)
  4 howler monkeys
  2 bullfrog skeletons (D:7)
  A quasit (D:9)
  2 jellies (D:7)
  6 orc wizards
  7 orc priests
  A hound (D:9)
  An iron imp (D:6)
  An iguana (D:7)
  6 worker ants
  Natasha (thrice) (D:2)
  2 worker ant zombies
  6 adders
  A shadow imp (D:6)
  2 white imps
  An ufetubus (D:5)
  4 oozes
  An adder skeleton (D:7)
  3 worms
  2 dart slugs (D:2)
  3 leopard geckos
  20 orcs
  A ball python (D:4)
  8 giant cockroaches
  6 goblins
  6 hobgoblins
  17 jackals
  9 kobolds
  2 quokkas
  5 bats
  8 frilled lizards
  A quokka skeleton (D:4)
  A quokka zombie (D:7)
  5 rats
182 creatures vanquished.

Vanquished Creatures (others)
  An orc priest (D:4)
  6 plants (D:3)
7 creatures vanquished.

Grand Total: 189 creatures vanquished

Notes
Turn   | Place    | Note
-------+----------+-------------------------------------------
     0 | D:1      | Kinoniko the Draconian Transmuter began the quest for the
                  | Orb.
     0 | D:1      | Reached XP level 1. HP: 16/16 MP: 3/3
   229 | D:1      | Reached XP level 2. HP: 23/23 MP: 5/5
  1042 | D:2      | Reached XP level 3. HP: 28/28 MP: 4/6
  1092 | D:2      | Reached skill level 1 in Short Blades
  1214 | D:2      | Noticed Natasha
  1222 | D:2      | Killed Natasha
  1222 | D:2      | Reached XP level 4. HP: 19/35 MP: 5/7
  1919 | D:2      | Reached XP level 5. HP: 40/40 MP: 7/9
  1921 | D:2      | Noticed Natasha
  1930 | D:2      | Killed Natasha
  1936 | D:2      | Noticed Natasha
  1942 | D:2      | Killed Natasha
  1942 | D:2      | Reached skill level 1 in Long Blades
  2141 | D:2      | Found a sacrificial altar of Ru.
  2420 | D:3      | Found a transporter.
  2478 | D:3      | Found a white marble altar of Elyvilon.
  2700 | D:3      | Found a shimmering altar of Xom.
  2700 | D:3      | Found a shimmering altar of Xom.
  2702 | D:3      | Found a shimmering altar of Xom.
  2702 | D:3      | Found a shimmering altar of Xom.
  2706 | D:3      | Learned a level 2 spell: Wereblood
  2853 | D:3      | Found a transporter.
  2870 | D:3      | Identified the +5 spear of Giqyetim {venom, *Contam MR+
                  | Dex+6}
  2968 | D:3      | Found a shimmering altar of Xom.
  2969 | D:3      | Found a shimmering altar of Xom.
  3032 | D:3      | Found a stormy altar of Qazlal.
  3125 | D:3      | Noticed an ogre
  3135 | D:3      | Killed an ogre
  3135 | D:3      | Reached XP level 6. HP: 26/47 MP: 10/10
  3984 | D:4      | Noticed Eustachio
  4002 | D:4      | Your scales start taking on a lurid green colour.
  4002 | D:4      | Reached XP level 7. HP: 34/52 MP: 11/16
  4002 | D:4      | Gained mutation: Your system is resistant to poisons.
                  | (rPois) [Green Draconian growth]
  4010 | D:4      | Killed Eustachio
  4023 | D:4      | Reached XP level 8. HP: 27/59 MP: 12/17
  4810 | D:5      | Entered Level 5 of the Dungeon
  4810 | D:5      | Found a stormy altar of Qazlal.
  6058 | D:5      | Noticed Duvessa
  6058 | D:5      | Noticed Dowan
  6070 | D:5      | Killed Duvessa
  6087 | D:5      | Killed Dowan
  6254 | D:5      | Reached XP level 9. HP: 66/68 MP: 18/18
  6758 | D:6      | Found a snail-covered altar of Cheibriados.
  6962 | D:6      | Found an opulent altar of Gozag.
  7000 | D:6      | Found a sparkling altar of Nemelex Xobeh.
  7001 | D:6      | Found an ancient bone altar of Kikubaaqudgha.
  7078 | D:6      | Found a staircase to the Ecumenical Temple.
  7096 | Temple   | Entered the Ecumenical Temple
  7291 | Temple   | Became a worshipper of Warmaster Okawaru
  7992 | D:7      | Noticed Menkaure
  8031 | D:7      | Killed Menkaure
  8048 | D:7      | Reached skill level 1 in Invocations
  8054 | D:7      | You fall into a shaft and drop 2 floors!
  8533 | D:9      | Reached * piety under Okawaru
  8539 | D:9      | Found a glowing silver altar of Zin.
  8539 | D:9      | Found an opulent altar of Gozag.
  8542 | D:9      | Found a shimmering blue altar of Sif Muna.
  8549 | D:9      | Found a sacrificial altar of Ru.
  8557 | D:9      | Reached skill level 10 in Transmutations
  8811 | D:7      | Found Deishresi's Assorted Antiques.
  8902 | D:7      | Found Neufogh's Magic Scroll Shop.
  9142 | D:7      | Reached XP level 10. HP: 71/78 MP: 17/19
  9453 | D:7      | Noticed Harold
  9489 | D:7      | Killed Harold
  9489 | D:7      | Reached ** piety under Okawaru
  9489 | D:7      | Reached skill level 10 in Long Blades
  9989 | D:7      | Found Yrab's Antique Weapon Shop.
  9994 | D:7      | Bought a brightly glowing long sword for 204 gold pieces
  9994 | D:7      | Identified the +5 long sword "Docwy" {drain, *Drain +Inv
                  | rN++ Stlth+} (You bought it in a shop on level 7 of the
                  | Dungeon)
 10141 | D:8      | Noticed Pikel
 10151 | D:8      | Noticed Gastronok
 10166 | D:8      | Killed Pikel
 10170 | D:8      | Mangled by Gastronok

Illustrated notes

Levels and vault maps discovered:
D:1:      mrwooster_arrival_arrow, layout_basic
D:2:      layout_loops_ring, nicolae_ru_path_of_blood, uniq_natasha
D:3:      layout_rooms, nicolae_overflow_hidden_temple, xom_redecorated,
          elyvilon_altar_3, gammafunk_ghost_gnarly_gnolls
D:4:      layout_cave_pools, uniq_eustachio
D:5:      layout_layer_cave, basic_altar, uniq_duvessa
D:6:      layout_basic, gammafunk_temple_overflow_statue, slow_altar_1,
          minmay_temple_entry_junction, basic_altar
D:7:      layout_basic, serial_shops, kennysheep_mini_moat, shop,
          kennysheep_little_box, uniq_menkaure, uniq_harold
D:8:      layout_rooms, uniq_joseph, uniq_pikel, uniq_gastronok
D:9:      layout_cave_pods, grunt_temple_overflow_open, kennysheep_mini,
          lair_entry_dummy, basic_altar, minmay_librarian
Temple:   minmay_temple_curvy_loop

Skill      XL: |  1  2  3  4  5  6  7  8  9 10 |
---------------+-------------------------------+-----
Transmutations | 3 4 9 10 | 10.2
Short Blades   | 1 2 4 |  4.9
Long Blades    | 2 8 9 10 | 10.1
Spellcasting   | 3 6 |  6.2
Fighting       | 2 3 4 |  4.2
Invocations    | 2 3 |  3.0
Dodging        | |  1.7
Unarmed Combat | |  3.0

Action                   |  1- 3 |  4- 6 |  7- 9 | 10-12 || total
-------------------------+-------+-------+-------+-------++-------
Melee: Unarmed           |    37 |       |       |       ||    37
       Kick              |    13 |    50 |   117 |    24 ||   204
       Dagger            |    36 |    37 |       |       ||    73
       Headbutt          |     7 |    15 |    71 |    17 ||   110
       Punch             |     2 |     1 |     1 |     2 ||     6
       Tailslap          |     4 |    17 |    61 |    14 ||    96
       Falchion          |       |   105 |   139 |       ||   244
       Short sword       |       |       |   250 |    59 ||   309
       Long sword        |       |       |       |    22 ||    22
 Cast: Beastly Appendage |    17 |    30 |    38 |     6 ||    91
       Wereblood         |       |       |    11 |     1 ||    12
Invok: Heroism           |       |       |       |     1 ||     1
 Abil: Breathe Noxious F |       |       |     6 |     1 ||     7
  Use: Potion            |       |     5 |     3 |     3 ||    11
       Scroll            |       |     1 |    15 |       ||    16
 Stab: Sleeping          |       |     2 |       |       ||     2
       Confused          |       |       |     4 |       ||     4
Armor: Skin              |    32 |    54 |   140 |    25 ||   251
Dodge: Dodged            |    61 |    97 |   208 |    34 ||   400
       Rpst.: Falchion   |       |    23 |    27 |       ||    50
       Long sword        |       |       |       |     7 ||     7

Table legend: (Time is in decaauts)
 A = Elapsed time spent in this place.
 B = Non-inter-level travel time spent in this place.
 C = Inter-level travel time spent in this place.
 D = Time resting spent in this place.
 E = Time spent auto-exploring this place.
 F = Levels seen in this place.
 G = Mean time per level.
                   A        B        C        D        E       F      G
               +--------+--------+--------+--------+--------+-----+--------+
         Total |  10103 |   9859 |    244 |   3589 |   4858 |  10 | 1010.3 |
       Dungeon |   9890 |   9673 |    217 |   3589 |   4673 |   9 | 1098.9 |
        Temple |    213 |    186 |     27 |      0 |    185 |   1 |  213.0 |
               +--------+--------+--------+--------+--------+-----+--------+

Top non-repeatable levels by time:
     D:4: 1691 daAuts
     D:3: 1545 daAuts
     D:7: 1541 daAuts
     D:2: 1362 daAuts
     D:6: 1092 daAuts
     D:5: 1057 daAuts
     D:1: 1030 daAuts
     D:9: 513 daAuts
  Temple: 213 daAuts
     D:8: 55 daAuts
